AoeStats
← IGI.Sir_JoshuLa.LemsipEsports

Oasis

508182057Analyzed
3v3 RM · 10d ago on Sep 21, 2026· 27m 21s· 6 players
Game mode
Random Map
Map size
Normal (6 player)
Population
200
Speed
Normal
Resources
Standard
Victory
Conquest
Starting age
Dark Age
Ending age
Imperial Age
RankedLock teamsTeams togetherTeam positionsShared explorationLock speedFull tech treeHidden civsTurbo modeCheats
Victory
Defeat
🇬🇧 Magyars · United Kingdom
1129
+12
🇬🇧 Jurchens · United Kingdom
1047
+15
🇬🇧 Celts · United Kingdom
1037
+15
🇺🇸 Saracens · United States
1069
-16
🇨🇳 Teutons · China
1033
-35
🇰🇿 Italians · Kazakhstan
978
-12
raney24fcb
4:09 Loom
11:50 Feudal Age
13:10 Wheelbarrow
17:42 Castle Age
瀚瀚不错
1:02 Loom
15:04 Feudal Age
15:36 Horse Collar
16:13 Double-Bit Axe
17:28 Wheelbarrow
21:34 Town Watch
22:06 Gold Mining
24:49 Stone Mining
DeSong
11:41 Feudal Age
9:57 Loom
12:27 Double-Bit Axe
15:30 Castle Age
23:19 Wheelbarrow
IGI.The_Jenk
8:37 Loom
10:22 Feudal Age
11:44 Double-Bit Axe
12:30 Horse Collar
15:31 Gold Mining
18:00 Castle Age
17:23 Bloodlines
17:59 Scale Barding Armor
19:51 Husbandry
23:03 Forging
24:10 Wheelbarrow
24:49 Iron Casting
24:39 Chain Barding Armor
25:00 Bow Saw
26:35 Iron Casting
IGI.Sir_JoshuLa.LemsipEsports
7:11 Loom
9:29 Feudal Age
10:09 Double-Bit Axe
10:07 Horse Collar
20:28 Castle Age
19:19 Fletching
19:42 Bloodlines
19:28 Gold Mining
20:38 Pikeman
23:37 Bow Saw
24:47 Husbandry
25:10 Bodkin Arrow
26:31 Wheelbarrow
26:57 Padded Archer Armor
IGI.The_Doctor_Bish
7:55 Loom
10:33 Feudal Age
15:36 Castle Age
13:37 Double-Bit Axe
18:13 Bow Saw
19:04 Horse Collar
21:38 Scale Mail Armor
22:36 Pikeman
24:55 Wheelbarrow
25:39 Heavy Plow
27:39 Hand Cart
Connection lost

Rejoining the realm…

Still unreachable

The connection could not be restored.

Session expired

The server has moved on; the page needs a fresh start.